 Dungeon Crawl Stone Soup version 0.29-a0-962-gc8bbfd0a37 (webtiles) character file.

Game seed: 16957661728894263530

71257 wingedge the Fighter (level 15, -2/105 HPs)
             Began as a Human Wanderer on July 30, 2022.
             Was an Initiate of Gozag.
             Killed from afar by an acid blob (8 damage)
             ... with a splash of acid
             ... on level 5 of the Lair of Beasts.
             The game lasted 02:22:32 (21607 turns).

wingedge the Fighter (Human Wanderer)              Turns: 21607, Time: 02:22:33

Health: -2/105     AC: 14    Str: 13    XL:     15   Next: 81%
Magic:  18/27      EV: 14    Int: 16    God:    Gozag
Gold:   587        SH:  0    Dex: 16    Spells: 7/31 levels left

rFire   + + .      SeeInvis .   a - +9 long sword (flame)
rCold   . . .      Faith    .   (no shield)
rNeg    . . .      Spirit   .   V - +1 acid dragon scales "Luschiec" {rF+ rC- rCorr Stlth+}
rPois   +          Reflect  .   C - +2 helmet
rElec   +          Harm     .   w - scarf {repulsion}
rCorr   +          Rampage  .   s - +2 pair of gloves
Will    +....                   A - +2 pair of boots
Stlth   ++........              q - amulet of regeneration
HPRegen 1.07/turn               K - +4 ring of slaying
MPRegen 0.20/turn               T - ring of poison resistance

@: mighty, brilliant, lethally poisoned (-2 -> -3), about to teleport,
resistant, wereblooded, corroded, gold aura, contaminated, hasted, glowing,
repel missiles, very quick
A: talons 1, frail 1, MP-powered wands
a: Renounce Religion, Potion Petition, Call Merchant, Bribe Branch


You were on level 5 of the Lair of Beasts.
You worshipped Gozag.
Gozag was pleased with you.
You visited 3 branches of the dungeon, and saw 19 of its levels.
You also visited: Ossuary and Bailey.

You collected 6204 gold pieces.
You spent 1789 gold pieces at shops.
You paid 3828 gold pieces to Gozag.

Inventory:

Hand Weapons
 a - a +9 long sword of flaming (weapon)
 b - a +2 dagger of venom
 J - the +8 dagger of Vugoec {distort, rN+ Dex+7}
   (You found it on level 5 of the Lair of Beasts)

   It warps and distorts space around it, and may blink, banish, or inflict
   extra damage upon those it strikes.
   Unwielding it can cause banishment or high damage.
   Dex:       It affects your dexterity (+7).
   rN:        It protects you from negative energy.
 Z - a +7 double sword
Missiles
 l - 8 javelins
 n - 10 silver javelins
 o - 13 boomerangs
 P - a throwing net
Armour
 s - a +2 pair of gloves (worn)
 w - a scarf of repulsion (worn)
 A - a +2 pair of boots (worn)
 C - a +2 helmet (worn)
 Q - a +3 leather armour of cold resistance
 V - the +1 acid dragon scales "Luschiec" (worn) {rF+ rC- rCorr Stlth+}
   (You bought it in a shop on level 7 of the Dungeon)

   rF:        It protects you from fire.
   rC:        It makes you vulnerable to cold.
   rCorr:     It protects you from acid and corrosion.
   Stlth:     It makes you more stealthy.
Magical Staves
 I - a staff of earth
Jewellery
 d - an amulet of the acrobat
 f - the ring of Moderation {Will+ Int+6}
   (You acquired it on level 6 of the Dungeon)

   [ring of intelligence]

   Int:       It affects your intelligence (+6).
   Will:      It increases your willpower.
 h - a ring of willpower
 i - a ring of positive energy
 q - an amulet of regeneration (around neck)
 r - an amulet of guardian spirit
 t - a +4 ring of protection
 v - a ring of fire
 y - a ring of see invisible
 K - a +4 ring of slaying (left hand)
 T - a ring of poison resistance (right hand)
 X - a +6 ring of dexterity
Wands
 g - a wand of polymorph (12)
 F - a wand of iceblast (4)
 L - a wand of mindburst (7)
 S - a wand of charming (17)
Scrolls
 j - 4 scrolls of vulnerability
 k - 4 scrolls of poison
 p - 12 scrolls of teleportation
 G - 3 scrolls of fear
 U - a scroll of torment
Potions
 e - 4 potions of magic
 x - 2 potions of attraction
 z - 4 potions of mutation
 B - 3 potions of flight
 D - 10 potions of brilliance
 E - a potion of resistance {unknown}
 H - 3 potions of curing
 M - a potion of invisibility {unknown}
 O - 3 potions of degeneration
 R - 4 potions of might
 W - 2 potions of lignification


   Skills:
 + Level 10.6 Fighting
 - Level 4.8(7.3) Short Blades
 + Level 8.6(9.2) Long Blades
 - Level 1.0 Maces & Flails
 - Level 3.0 Throwing
 - Level 6.0 Armour
 - Level 6.0 Dodging
 - Level 8.0 Stealth
 - Level 5.3 Unarmed Combat
 + Level 8.8 Spellcasting
 * Level 6.1 Conjurations
 - Level 5.0 Hexes
 - Level 4.0 Summonings
 - Level 4.0 Necromancy
 - Level 2.0 Translocations
 + Level 9.7 Transmutations
 - Level 10.2 Ice Magic
 - Level 1.0 Evocations


You had 7 spell levels left.
You knew the following spells:

 Your Spells              Type           Power      Damage    Failure   Level
a - Ensorcelled Hibernat  Hex/Ice        94%        N/A       1%          2
b - Ozocubu's Armour      Ice            56%        N/A       1%          3
c - Beastly Appendage     Tmut           100%       N/A       1%          1
d - Wereblood             Tmut           55%        N/A       1%          2
e - Frozen Ramparts       Ice            100%       1d12      1%          3
f - Ice Form              Ice/Tmut       56%        N/A       2%          4
h - Irradiate             Conj/Tmut      24%        3d19      16%         5
i - Sublimation of Blood  Necr           29%        N/A       4%          2
j - Blink                 Tloc           40%        N/A       10%         2

Your spell library contained the following spells:

 Spells                   Type           Power      Damage    Failure   Level
 Freeze                   Ice            100%       1d11      1%          1
 Dazzling Flash           Conj/Hex       74%        N/A       4%          3
 Hailstorm                Conj/Ice       49%        3d11      4%          4
 Spider Form              Tmut/Pois      34%        N/A       6%          3
 Summon Ice Beast         Ice/Summ       44%        N/A       8%          4
 Petrify                  Tmut/Erth      34%        N/A       19%         4
 Poisonous Vapours        Pois/Air       20%        N/A       22%         2
 Anguish                  Hex/Necr       16%        N/A       22%         4
 Alistair's Intoxication  Tmut/Pois      22%        N/A       47%         5
 Passage of Golubria      Tloc           20%        N/A       54%         4
 Agony                    Necr           29%        N/A       61%         5
 Silence                  Hex/Air        11%        N/A       82%         5
 Borgnjor's Vile Clutch   Necr/Erth      10%        N/A       87%         5
 Ozocubu's Refrigeration  Ice            28%        4d10      88%         7
 Eringya's Noxious Bog    Tmut/Pois      17%        N/A       96%         6
 Corpse Rot               Necr/Pois/Air  Unusable   N/A       N/A         4

Dungeon Overview and Level Annotations

Branches:
Dungeon (13/15)            Temple (1/1) D:7            Lair (5/5) D:11
 Shoals (0/4) Lair:3       Spider (0/4) Lair:3        Slime (0/5) Lair:4
    Orc (0/2) D:12        Ossuary (visited)          Bailey (visited)
 Vaults: D:13-14

Altars:
Ashenzari
Cheibriados
Dithmenos
Elyvilon
Fedhas
Gozag
Hepliaklqana
Kikubaaqudgha
Makhleb
Nemelex Xobeh
Okawaru
Qazlal
Ru
Sif Muna
Trog
Uskayaw
Vehumet
Wu Jian
Xom
Yredelemnul
Zin
The Shining One
Jiyva

Shops:
D:7 [   Lair:2 :

Annotations:
Lair:5 freelancePsychic's ghost, journeyman DEVM


Innate Abilities, Weirdness & Mutations

You have sharp toenails.
You are frail. (-10% HP)
You expend magic power (3 MP) to strengthen your wands.


Message History

The large slime creature twists and deforms.
The acid blob is blasted with magical radiation!!!
The acid blob is severely wounded.
The acid blob twists and deforms.
The acid blob is blasted with magical radiation!!
The acid blob is moderately wounded.
The acid blob twists and deforms.
You are poisoned.
Casting: Irradiate (dangerous; 16% risk of failure)
Confirm with . or Enter, or press ? or * to list all spells.
You feel a surge of power!
You erupt in a fountain of uncontrolled magic!
The large slime creature is blasted with magical radiation!!!
The large slime creature is severely wounded.
The large slime creature twists and deforms.
The acid blob is blasted with magical radiation!!
The acid blob is severely wounded.
The acid blob twists and deforms.
The acid blob is blasted with magical radiation!!
The acid blob is moderately wounded.
The acid blob twists and deforms.
You feel sick.
* * * LOW HITPOINT WARNING * * *
The large slime creature hits you but does no damage.
Casting: Irradiate (dangerous; 16% risk of failure)
Confirm with . or Enter, or press ? or * to list all spells.
You feel a surge of power!
You erupt in a fountain of uncontrolled magic!
The large slime creature is blasted with magical radiation!
The large slime creature is severely wounded.
The large slime creature twists and deforms.
The acid blob is blasted with magical radiation!!!
You feel a bit better.
You kill the acid blob!
The acid blob is blasted with magical radiation!!
The acid blob is heavily wounded.
The acid blob twists and deforms.
You feel sick. The acid blob spits acid at you. The splash of acid hits you!
You resist.
You die...
Your body crumbles into a pile of gold.

,***,..............#.####...##...
,,.###..............#..#.....##..
*....###.#...<.........'..[.$)#..
*#.....##...........J..'....!_#.#
.##...........#.#......'W.../[###
.l##...P......###......#.....#*
...##........## #J.....##...##
....##.......# ##J.W....#####
....##.....### #@JJ.......#*
....P.....P# ##J....P..#.#*
PP.........# ##.J.####...#.# #
...<.....### #.#...# #.....# #
.........## ##...## #....## #
###[.#....# ##.....# *#...######
# ####....# #P....## #P.....##.
##...# ###....# #.P.......
#..####.#....# #P........


You could see 3 acid blobs, 2 azure jellies, 2 large slime creatures and
freelancePsychic's ghost (toxic aura).

Vanquished Creatures
  2 acid blobs (Lair:5)
  A rockslime (Lair:5)
  A quicksilver ooze (Lair:5)
  A minotaur (Lair:1)
  A boulder beetle (D:13)
  The ghost of Tollund the Purveyor of Pain, a journeyman DsNe of Kikubaaqudgha (Lair:1)
  5 hydras
  2 catoblepae
  An anaconda (Lair:5)
  A centaur warrior (D:13)
  7 death yaks
  2 two-headed ogres
  Urug (Lair:1)
  A sixfirhy (D:10)
  A lindwurm (Lair:3)
  5 oklob plants
  An orc knight (Bailey)
  2 ugly things
  A wolf spider (Lair:5)
  10 elephants
  5 cyclopes
  7 black mambas
  A merfolk siren (Lair:3)
  Joseph (Lair:1)
  A gargoyle (D:12)
  9 cane toads
  A rime drake (Lair:5)
  Maggie (D:7)
  2 torpor snails (Lair:4)
  2 kobold demonologists (D:12)
  2 ice devils (Lair:5)
  8 komodo dragons
  4 hornets
  14 polar bears
  5 trolls
  5 slime creatures (D:13)
  A raiju (Lair:5)
  13 blink frogs
  A jumping spider (Lair:3)
  3 shadows
  Sigmund (D:5)
  2 water elementals (D:12)
  4 wraiths
  5 culicivoras (Lair:3)
  42 yaks
  14 wyverns
  3 basilisks
  A redback (Lair:3)
  8 vampire mosquitoes
  A steam dragon (D:10)
  4 wargs (Lair:5)
  13 water moccasins
  16 hell hounds (Lair:5)
  Duvessa (D:7)
  A sky beast (D:7)
  16 black bears
  11 orc warriors
  An ice beast (D:6)
  An ogre (D:6)
  17 wolves
  14 centaurs
  2 phantoms
  6 bullfrogs
  2 gnoll sergeants
  2 scorpions (D:7)
  12 wights
  Dowan (D:7)
  4 howler monkeys
  8 electric eels
  7 jellies
  A centaur zombie (Ossuary)
  2 gnoll boudas
  6 hounds
  2 human zombies (Ossuary)
  5 orc priests
  Crazy Yiuf (D:3)
  4 iguanas
  Ijyb (D:3)
  8 orc wizards
  Terence (D:3)
  2 mummies (Ossuary)
  16 adders
  22 gnolls
  3 shadow imps
  2 white imps
  2 ufetubi (D:5)
  3 adder zombies (Ossuary)
  A worm (D:2)
  4 dart slugs
  57 orcs
  3 ball pythons
  An endoplasm (D:2)
  3 giant cockroaches
  9 goblins
  8 hobgoblins
  2 quokkas
  4 bats
  A frilled lizard (D:1)
  9 hobgoblin zombies (Ossuary)
  3 jackal zombies (Ossuary)
  7 kobolds
  13 kobold zombies (Ossuary)
  4 orc zombies (Ossuary)
  5 rats
  2 rat zombies (Ossuary)
570 creatures vanquished.

Vanquished Creatures (collateral kills)
  Gastronok (Lair:1)
  2 death yaks (Lair:1)
  A cane toad (Lair:1)
  A komodo dragon (Lair:1)
  2 wyverns (Lair:1)
  A basilisk (Lair:2)
  A water moccasin (Lair:2)
  An orc warrior (Bailey)
  A gnoll (D:4)
  3 orcs (Bailey)
  A butterfly (Lair:1)
15 creatures vanquished.

Vanquished Creatures (others)
  36 fungi
  98 plants
134 creatures vanquished.

Grand Total: 719 creatures vanquished

Notes
Turn   | Place    | Note
-------+----------+-------------------------------------------
     0 | D:1      | wingedge the Human Wanderer began the quest for the Orb.
     0 | D:1      | wingedge set off with the following items: a +0 mace, a +2
                  | leather armour, a wand of flame (4), a potion of curing.
     0 | D:1      | Reached XP level 1. HP: 16/16 MP: 1/1
   152 | D:2      | Reached XP level 2. HP: 23/23 MP: 2/2
   309 | D:2      | Reached XP level 3. HP: 29/29 MP: 3/3
  1234 | D:2      | Reached XP level 4. HP: 37/37 MP: 4/4
  1621 | D:2      | You fall into a shaft and drop 2 floors!
  1635 | D:4      | Reached skill level 1 in Throwing
  1751 | D:4      | Found a white marble altar of Elyvilon.
  1751 | D:4      | Found a blossoming altar of Fedhas.
  1751 | D:4      | Found an opulent altar of Gozag.
  1758 | D:4      | Became a worshipper of Gozag Ym Sagoz the Greedy
  1786 | D:4      | Noticed a phantom
  1802 | D:4      | Killed a phantom
  1803 | D:4      | Reached XP level 5. HP: 41/42 MP: 5/5
  1811 | D:3      | Noticed Ijyb
  1906 | D:4      | Reached XP level 6. HP: 44/48 MP: 6/6
  1970 | D:3      | Found a faded altar of an unknown god.
  1982 | D:3      | Noticed Terence
  1993 | D:3      | Killed Terence
  2518 | D:3      | Gained mutation: You have sharp toenails. [potion of
                  | mutation]
  2518 | D:3      | Gained mutation: You expend magic power (3 MP) to
                  | strengthen your wands. [potion of mutation]
  2524 | D:3      | Reached skill level 1 in Spellcasting
  2654 | D:3      | Killed Ijyb
  3120 | D:3      | Found a glowing golden altar of the Shining One.
  3265 | D:3      | Found a runed translucent door.
  3266 | D:3      | Noticed Crazy Yiuf
  3278 | D:3      | Killed Crazy Yiuf
  3602 | D:4      | Reached skill level 5 in Fighting
  3617 | D:4      | Reached XP level 7. HP: 52/56 MP: 7/9
  3653 | D:4      | Found a bloodstained altar of Trog.
  3920 | D:4      | Found a basalt altar of Yredelemnul.
  4233 | D:5      | Entered Level 5 of the Dungeon
  4659 | D:5      | Reached skill level 1 in Short Blades
  4659 | D:5      | Reached skill level 1 in Hexes
  4659 | D:5      | Reached skill level 1 in Ice Magic
  4684 | D:5      | Learned a level 2 spell: Ensorcelled Hibernation
  4989 | D:5      | Reached XP level 8. HP: 60/63 MP: 9/11
  5000 | D:5      | Noticed Sigmund
  5007 | D:5      | Killed Sigmund
  5840 | D:6      | Found a shimmering blue altar of Sif Muna.
  5983 | D:6      | Reached XP level 9. HP: 69/69 MP: 6/13
  6351 | D:6      | Learned a level 3 spell: Ozocubu's Armour
  6634 | D:6      | Identified a scroll of acquirement
  6635 | D:6      | Acquired the ring of Moderation {Will+ Int+6}
  6707 | D:6      | Learned a level 1 spell: Beastly Appendage
  6710 | D:6      | Learned a level 2 spell: Wereblood
  6971 | D:7      | Noticed Maggie
  7009 | D:7      | Killed Maggie
  7010 | D:7      | Reached skill level 5 in Stealth
  7010 | D:7      | Reached skill level 1 in Transmutations
  7033 | D:7      | Found a staircase to the Ecumenical Temple.
  7138 | D:7      | Found a sand-covered staircase.
  7142 | Ossuary  | Entered an ossuary
  7581 | D:7      | Reached XP level 10. HP: 69/76 MP: 6/15
  7673 | D:7      | Reached skill level 1 in Long Blades
  7774 | D:7      | Noticed Dowan
  7960 | D:7      | Reached skill level 5 in Ice Magic
  8097 | D:7      | Noticed Duvessa
  8106 | D:7      | Killed Duvessa
  8112 | D:7      | Killed Dowan
  8230 | D:7      | Learned a level 3 spell: Frozen Ramparts
  8630 | Temple   | Entered the Ecumenical Temple
  9415 | D:8      | Reached skill level 1 in Unarmed Combat
  9621 | D:8      | Reached skill level 1 in Summonings
  9809 | D:8      | Learned a level 4 spell: Ice Form
 10194 | D:9      | Found an iron altar of Okawaru.
 10276 | D:9      | Reached skill level 5 in Hexes
 10276 | D:9      | Reached XP level 11. HP: 56/83 MP: 17/17
 10335 | D:9      | Found a flagged portal.
 10365 | Bailey   | Entered a bailey
 10645 | Bailey   | Noticed an orc knight
 10674 | Bailey   | Killed an orc knight
 10675 | Bailey   | Reached skill level 5 in Transmutations
 11544 | D:10     | Entered Level 10 of the Dungeon
 11791 | D:10     | Found a runed translucent door.
 11792 | D:10     | Noticed a sixfirhy
 11810 | D:10     | Killed a sixfirhy
 11811 | D:10     | Reached skill level 5 in Spellcasting
 12096 | D:10     | Found a hide-covered altar of Uskayaw.
 12382 | D:11     | Noticed a cyclops
 12387 | D:11     | Killed a cyclops
 12422 | D:11     | Noticed an oklob plant
 12422 | D:11     | Noticed an oklob plant
 12457 | D:11     | Noticed a two-headed ogre
 12467 | D:11     | Killed a two-headed ogre
 12468 | D:11     | Reached XP level 12. HP: 91/91 MP: 15/19
 13378 | D:12     | Reached skill level 5 in Long Blades
 13485 | D:12     | Noticed a soul eater
 13710 | D:7      | Bought steaming acid dragon scales for 1485 gold pieces
 13710 | D:7      | Identified the +1 acid dragon scales "Luschiec" {rF+ rC-
                  | rCorr Stlth+} (You bought it in a shop on level 7 of the
                  | Dungeon)
 13727 | D:7      | Learned a level 4 spell: Summon Ice Beast
 13828 | D:11     | Found a staircase to the Lair.
 13903 | D:11     | Reached skill level 5 in Armour
 14071 | D:12     | Noticed a two-headed ogre
 14083 | D:12     | Killed a two-headed ogre
 14203 | D:12     | Noticed a sun demon
 14204 | D:12     | Reached XP level 13. HP: 98/98 MP: 17/21
 14444 | D:12     | Found a staircase to the Orcish Mines.
 14862 | D:13     | Noticed a boulder beetle
 15148 | D:13     | Noticed a centaur warrior
 15168 | D:13     | Killed a centaur warrior
 15212 | D:13     | Killed a boulder beetle
 15324 | D:13     | Reached skill level 5 in Unarmed Combat
 15550 | D:13     | Noticed a catoblepas
 15573 | D:13     | Killed a catoblepas
 15968 | Lair:1   | Entered Level 1 of the Lair of Beasts
 16144 | Lair:1   | Noticed Joseph
 16149 | Lair:1   | Killed Joseph
 16280 | Lair:1   | Noticed Gastronok
 16298 | Lair:1   | Killed Gastronok
 16386 | Lair:1   | Noticed Urug
 16398 | Lair:1   | Killed Urug
 16487 | Lair:1   | Noticed a minotaur
 16491 | Lair:1   | Noticed Tollund's ghost (journeyman DsNe)
 16636 | Lair:1   | Found a runed translucent gate.
 16636 | Lair:1   | Found a runed translucent gate.
 16636 | Lair:1   | Found a runed translucent gate.
 16656 | Lair:1   | Killed a minotaur
 16668 | Lair:1   | Killed Tollund's ghost
 16669 | Lair:1   | Reached skill level 5 in Dodging
 16669 | Lair:1   | Reached XP level 14. HP: 70/108 MP: 17/24
 17355 | Lair:2   | Reached skill level 10 in Ice Magic
 18191 | Lair:2   | Learned a level 5 spell: Irradiate
 18194 | Lair:2   | Learned a level 2 spell: Sublimation of Blood
 18443 | Lair:2   | Bought the Almanac of the Wayfarer for 304 gold pieces
 18447 | Lair:2   | Learned a level 2 spell: Blink
 18580 | Lair:3   | You fall into a shaft and drop 2 floors!
 18580 | Lair:5   | Entered Level 5 of the Lair of Beasts
 18618 | Lair:5   | Reached skill level 1 in Conjurations
 18690 | Lair:4   | Found a snail-covered altar of Cheibriados.
 18774 | Lair:4   | Reached skill level 1 in Necromancy
 18826 | Lair:4   | Found a staircase to the Slime Pits.
 18827 | Lair:4   | Found a viscous altar of Jiyva.
 18839 | Lair:4   | Reached skill level 1 in Translocations
 19108 | Lair:3   | Found a hole to the Spider Nest.
 19482 | Lair:3   | Found a staircase to the Shoals.
 19510 | Lair:3   | Reached XP level 15. HP: 107/115 MP: 23/27
 19797 | Lair:4   | Reached skill level 10 in Fighting
 20469 | Lair:5   | Gained mutation: You are frail. (-10% HP) [mutagenic glow]
 20492 | Lair:5   | Found a runed translucent gate.
 20492 | Lair:5   | Found a runed translucent gate.
 20493 | Lair:5   | Found a runed translucent gate.
 20493 | Lair:5   | Noticed an acid blob
 20493 | Lair:5   | Noticed an acid blob
 20893 | Lair:5   | Reached skill level 5 in Conjurations
 21085 | Lair:5   | Identified the +8 dagger of Vugoec {distort, rN+ Dex+7}
 21576 | Lair:5   | Noticed an acid blob
 21576 | Lair:5   | Noticed freelancePsychic's ghost (journeyman DEVM)
 21578 | Lair:5   | Noticed an azure jelly
 21579 | Lair:5   | Noticed an acid blob
 21579 | Lair:5   | Noticed a quicksilver ooze
 21580 | Lair:5   | Noticed a rockslime
 21580 | Lair:5   | Noticed an azure jelly
 21580 | Lair:5   | Noticed an acid blob
 21581 | Lair:5   | Found a viscous altar of Jiyva.
 21595 | Lair:5   | Killed a rockslime
 21599 | Lair:5   | Killed an acid blob
 21601 | Lair:5   | Killed a quicksilver ooze
 21604 | Lair:5   | HP: 4/105 [acid blob/splash of acid (9)]
 21607 | Lair:5   | Killed an acid blob
 21607 | Lair:5   | Killed from afar by an acid blob

Illustrated notes

Levels and vault maps discovered:
D:1:      dpeg_arrival_stonehenge_12_columns, layout_loops_ring
D:2:      layout_basic, serial_corexii_hall, corexii_hall_statues_x,
          corexii_hall_statues_l, small_statue_intersection,
          minmay_pentomino_pile
D:3:      cheibrodos_pilgrimage, layout_loops_ring,
          nicolae_overflow_crystal_walls, basic_ecumenical_altar,
          hangedman_decor_growths, nicolae_concentric_dashed_squares_mild,
          uniq_terence, uniq_ijyb, uniq_crazy_yiuf_cottage
D:4:      layout_gridville, bloody_trog, gammafunk_temple_overflow_claw,
          mainiacjoe_overflow_surrounded_room, dreamdust_princess_bridge,
          minmay_misc_feat_chi, serial_bayou_pond_e
D:5:      layout_basic, uniq_sigmund
D:6:      layout_gridville, kennysheep_mini
D:7:      layout_basic, minmay_temple_entry_wispy, enter_ossuary_5,
          dreamdust_wishing_well, uniq_duvessa, uniq_maggie
D:8:      layout_basic, kennysheep_generic_room_4
D:9:      layout_stronghold, okawaru_altar_gauntlet_db, enter_bailey_3
D:10:     cheibrodos_shockbox, layout_loops_cross,
          nicolae_uskayaw_murder_on_the_dancefloor
D:11:     layout_rooms, dpeg_oklobed_lair
D:12:     layout_basic, david_orc_3
D:13:     layout_loops_cross, kennysheep_decorative_pillar
Temple:   cyrus_circular_temple
Lair:1:   minmay_lair_venomous_thicket, layout_cave_pods,
          maelrawn_ghost_gauntlet_escape, chequers_serial_rivers_micro_d,
          lemuel_fruit_fields, uniq_gastronok, uniq_urug, uniq_joseph
Lair:2:   layout_big_grid
Lair:3:   layout_gridlike, minmay_shoals_entry_lonely_mermaid,
          nicolae_spider_entry_tight_spaces, patterned_corridor
Lair:4:   layout_regular_city, minmay_slime_entry_oklob_open, st_stairs_10,
          kennysheep_snail_temple
Lair:5:   hangedman_lair_tendril_chambers, layout_layer_cave,
          hangedman_lair_caniforms_friends, gammafunk_ghost_ooze,
          portal_ice_cave_demonic_guard

Skill      XL: |  1  2  3  4  5  6  7  8  9 10 11 12 13 14 15 |
---------------+----------------------------------------------+-----
Fighting       | 3 4 5 6 7 8 9 10 | 10.6
Throwing       | 2 3 |  3.0
Armour         | 2 3 4 5 6 |  6.0
Spellcasting   | 1 2 3 4 5 6 8 |  8.8
Short Blades   | 1 3 4 |  4.8
Hexes          | 1 3 4 5 |  5.0
Ice Magic      | 1 3 4 5 7 8 9 10 | 10.2
Stealth        | 2 3 5 6 7 8 |  8.0
Transmutations | 2 4 6 7 8 9 |  9.7
Long Blades    | 2 3 5 6 7 8 |  8.6
Unarmed Combat | 2 3 4 5 |  5.3
Summonings     | 1 2 4 |  4.0
Dodging        | 5 6 |  6.0
Conjurations   | 2 6 |  6.1
Necromancy     | 1 4 |  4.0
Translocations | 1 2 |  2.0
Maces & Flails | |  1.0
Evocations     | |  1.0

Action                   |  1- 3 |  4- 6 |  7- 9 | 10-12 | 13-15 || total
-------------------------+-------+-------+-------+-------+-------++-------
Melee: Mace              |    74 |    56 |       |       |       ||   130
       Punch             |     1 |     3 |     4 |    12 |    29 ||    49
       Dagger            |       |    34 |   266 |    60 |    48 ||   408
       Kick              |       |     5 |   124 |    51 |    47 ||   227
       Short sword       |       |       |    40 |       |       ||    40
       Long sword        |       |       |    78 |   265 |   513 ||   856
       Headbutt          |       |       |    12 |    29 |    24 ||    65
       Unarmed           |       |       |       |    34 |    30 ||    64
       Scimitar          |       |       |       |     5 |       ||     5
Throw: Boomerang         |     8 |    41 |    20 |     6 |     5 ||    80
       Dart              |       |    13 |    16 |     1 |       ||    30
       Javelin           |       |       |       |       |     2 ||     2
 Cast: Ensorcelled Hiber |       |       |    31 |    30 |    35 ||    96
       Beastly Appendage |       |       |    12 |    24 |    10 ||    46
       Wereblood         |       |       |     7 |    19 |    27 ||    53
       Ozocubu's Armour  |       |       |     5 |    17 |    30 ||    52
       Frozen Ramparts   |       |       |       |    35 |    60 ||    95
       Ice Form          |       |       |       |     2 |     2 ||     4
       Summon Ice Beast  |       |       |       |     1 |    11 ||    12
       Irradiate         |       |       |       |       |    11 ||    11
Invok: Potion Petition   |       |       |       |     2 |     2 ||     4
       Call Merchant     |       |       |       |     1 |     1 ||     2
 Abil: End Transformatio |       |       |       |     2 |     3 ||     5
Evoke: Wand              |     4 |       |    13 |       |     5 ||    22
  Use: Potion            |       |     6 |     4 |     7 |    11 ||    28
       Scroll            |       |     3 |    11 |    17 |    23 ||    54
 Stab: Sleeping          |     1 |       |    21 |    29 |    27 ||    78
       Distracted        |       |       |     2 |     6 |     9 ||    17
       Petrified         |       |       |       |       |     3 ||     3
Armor: Leather armour    |    21 |    44 |   113 |   134 |       ||   312
       Skin              |       |       |       |    12 |    11 ||    23
       Acid dragon scale |       |       |       |     3 |   390 ||   393
Dodge: Dodged            |    54 |    74 |   241 |   318 |   521 ||  1208
       Repelled          |       |     4 |     2 |     9 |     9 ||    24

Table legend: (Time is in decaauts)
 A = Elapsed time spent in this place.
 B = Non-inter-level travel time spent in this place.
 C = Inter-level travel time spent in this place.
 D = Time resting spent in this place.
 E = Time spent auto-exploring this place.
 F = Levels seen in this place.
 G = Mean time per level.
                   A        B        C        D        E       F      G
               +--------+--------+--------+--------+--------+-----+--------+
         Total |  21619 |  20514 |   1105 |   2943 |  11107 |  21 | 1029.5 |
       Dungeon |  15213 |  14256 |    957 |   2120 |   8250 |  13 | 1170.2 |
        Temple |     51 |     43 |      8 |      0 |     34 |   1 |   51.0 |
          Lair |   5564 |   5424 |    140 |    551 |   2822 |   5 | 1112.8 |
       Ossuary |    362 |    362 |      0 |     72 |      0 |   1 |  362.0 |
        Bailey |    427 |    427 |      0 |    199 |      0 |   1 |  427.0 |
               +--------+--------+--------+--------+--------+-----+--------+

Top non-repeatable levels by time:
     D:5: 1468 daAuts
     D:7: 1427 daAuts
    D:12: 1415 daAuts
     D:3: 1396 daAuts
     D:8: 1365 daAuts
     D:6: 1241 daAuts
  Lair:1: 1221 daAuts
  Lair:5: 1220 daAuts
  Lair:2: 1215 daAuts
    D:11: 1141 daAuts
     D:4: 1090 daAuts
     D:9: 1069 daAuts
     D:2: 1026 daAuts
  Lair:3: 990 daAuts
    D:13: 949 daAuts
